 Dungeon Crawl Stone Soup version 0.32-a0-711-g016ad743e0 (webtiles) character file.

Game seed: 110361210036987279

282 gimp the Ducker (level 6, -3/37 HPs)
             Began as a Kobold Shapeshifter on Mar 16, 2024.
             Killed from afar by a white imp (10 damage)
             ... with a puff of frost
             ... on level 4 of the Dungeon.
             The game lasted 00:05:01 (3366 turns).

gimp the Ducker (Kobold Shapeshifter)               Turns: 3366, Time: 00:05:02

Health: -3/37      AC:  2    Str: 11    XL:     6   Next: 53%
Magic:  6/6        EV: 15    Int: 12    God:
Gold:   177        SH:  0    Dex: 16    Spells: 5/5 levels left

rFire   . .          .
                       - Unarmed
rCold   . . .        (no shield)
rNeg    . . .        a - +0 animal skin
rPois   .            b - melded +0 helmet
rElec   .            (cloak currently unavailable)
rCorr   .            (gloves currently unavailable)
SInv    .            (boots currently unavailable)
Will    .....        (no amulet)
Stlth   ++           (no ring)
HPRegen 0.26/turn    (no ring)
MPRegen 0.10/turn

%: no passive effects
@: beast-form
A: beast (slay +2), small, no large weapons, nightstalker 3
a: Begin Untransformation


You were on level 4 of the Dungeon.
You were a hulking beast.
You visited 1 branch of the dungeon, and saw 4 of its levels.

You collected 177 gold pieces.

Inventory:

Armour
 a - a +0 animal skin (worn)
 b - a +0 helmet (melded)
 h - an orb of guile
 p - a +0 pair of boots
Jewellery
 e - a ring of flight
 n - an amulet of faith
Talismans
 c - a beast talisman (active)
 d - a flux talisman
Wands
 q - a wand of flame (13)
Scrolls
 i - 2 scrolls of identify {unknown}
 j - a scroll of fear {unknown}
 l - a scroll of immolation {unknown}
 m - a scroll of blinking {unknown}
 o - 3 scrolls of noise {unknown}
Potions
 f - 3 potions of curing
 g - a potion of degeneration {unknown}
 k - 2 potions of berserk rage {unknown}
 r - a potion of attraction {unknown}


   Skills:
 + Level 3.3 Fighting
 + Level 4.4 Dodging
 + Level 4.2 Unarmed Combat
 + Level 4.0 Shapeshifting


You had 5 spell levels left.
You didn't know any spells.
Your spell library was empty.

Dungeon Overview and Level Annotations

Branches:
Dungeon (4/15)
 Temple: D:4-7

Altars:

Annotations:
D:3 1 runed translucent door, exclusion: door, Crazy Yiuf, Grinder, Sigmund
D:4 Eustachio


Innate Abilities, Weirdness & Mutations

You are a hulking beast.
Your limbs bulge with bestial killing power. (Slay +2)
You are small and have problems with some larger weapons.
You are completely attuned to the shadows.


Message History

Found a stone staircase leading down.
There is a stone staircase leading down here.
You climb downwards.
Level annotation: Eustachio
There is a stone staircase leading up here.
An endoplasm comes into view.
The endoplasm quivers.
The endoplasm hits you but does no damage.
You barely miss the endoplasm. The endoplasm completely misses you.
You hit the endoplasm.
The endoplasm is heavily wounded.
The endoplasm barely misses you.
You punch the endoplasm!
You kill the endoplasm!
No target in view!
No target in view!
A jelly comes into view.
The helpless jelly fails to defend itself.
You punch the jelly! The acid corrodes you!
Your hands burn!
The jelly is heavily wounded.
The jelly closely misses you.
You take 2 damage, and have 35/37 hp.
You hit the jelly.
Your hands burn!
The jelly is almost dead.
The jelly closely misses you.
You take 2 damage, and have 33/37 hp.
You hit the jelly.
Your hands burn!
The jelly is almost dead.
The jelly misses you.
You take 3 damage, and have 30/37 hp.
You hit the jelly but do no damage.
Your hands burn!
The jelly is almost dead.
The jelly hits you.
You are splashed with acid.
You take 10 damage, and have 20/37 hp.
MASSIVE DAMAGE!!
You hit the jelly.
You kill the jelly!
No target in view!
You start resting.
You are no longer corroded.
You regained 2 hp, and now have 24/37 hp.
You start resting.
HP restored.
Health restored: 37
Found a stone staircase leading down.
There is a stone staircase leading down here.
You now have 159 gold pieces (gained 12).
An endoplasm comes into view.
Found 18 gold pieces.
An endoplasm is nearby!
You hit the endoplasm.
The endoplasm is almost dead.
You punch the endoplasm!
You kill the endoplasm!
No target in view!
You now have 177 gold pieces (gained 18).
r - a viscous ruby potion A white imp comes into view.
The white imp shouts, "Leave, thou bootless weevil-witted blabberskite!"
You closely miss the white imp. The white imp gestures at you.
The puff of frost hits you!
You take 11 damage, and have 26/37 hp.
MASSIVE DAMAGE!!
You closely miss the white imp. The white imp closely misses you.
You hit the white imp.
The white imp is heavily wounded.
The white imp closely misses you.
You hit the white imp but do no damage.
The white imp is heavily wounded.
The white imp hits you. The white imp freezes you.
You take 4 damage, and have 22/37 hp.
You closely miss the white imp.
The white imp is heavily wounded.
The white imp barely misses you.
You closely miss the white imp.
The white imp is heavily wounded.
The white imp closely misses you.
You hit the white imp but do no damage.
You punch the white imp, but do no damage.
The white imp is heavily wounded.
The white imp grins evilly.
The white imp misses you.
You hit the white imp.
The white imp is heavily wounded.
The white imp gestures at you. The puff of frost hits you!
You take 11 damage, and have 12/37 hp.
MASSIVE DAMAGE!!
You hit the white imp.
The white imp is almost dead.
The white imp hits you.
* * * LOW HITPOINT WARNING * * *
The white imp freezes you.
* * * LOW HITPOINT WARNING * * *
You take 5 damage, and have 7/37 hp.
You hit the white imp but do no damage.
The white imp is almost dead.
The white imp gestures at you. The puff of frost hits you!
You die...

######## .......## #####
####.#..# #....
######....##.### #.##.
#.........##...#### #.##.
#....#########....####.##.
#.####....# ####......##.
#........h# #......>..
#....####5# ##.####.##
###### ..# #.# ##.# ...#
#.###..# ###### #.#....#
#...#######.#.#..#
#.#..............#
#.########..####.# #.#
#..... .#


You could see a white imp.

Vanquished Creatures
  A jelly (D:4)
  An orc wizard (D:2)
  Ijyb (D:3)
  Natasha (thrice) (D:2)
  Robin (D:2)
  2 adders
  3 dart slugs
  5 orcs
  6 ball pythons
  7 endoplasms
  2 giant cockroaches (D:2)
  12 goblins
  6 hobgoblins
  12 jackals
  6 kobolds
  2 quokkas (D:1)
  7 bats
  4 frilled lizards
  6 rats
87 creatures vanquished.

Notes
Turn   | Place    | Note
-------+----------+-------------------------------------------
     0 | D:1      | gimp the Kobold Shapeshifter began the quest for the Orb.
     0 | D:1      | Reached XP level 1. HP: 12/12 MP: 1/1
   143 | D:1      | Reached XP level 2. HP: 16/16 MP: 2/2
   498 | D:1      | You fall into a shaft and drop 1 floor!
   608 | D:1      | Reached XP level 3. HP: 21/21 MP: 3/3
  1098 | D:2      | Reached XP level 4. HP: 20/26 MP: 4/4
  1286 | D:2      | Noticed Natasha
  1292 | D:2      | Killed Natasha
  1534 | D:2      | Noticed Natasha
  1544 | D:2      | Killed Natasha
  1545 | D:2      | Reached XP level 5. HP: 9/31 MP: 5/5
  1712 | D:2      | Noticed Robin
  1734 | D:2      | Killed Robin
  1766 | D:2      | Found a faded altar of an unknown god.
  1870 | D:2      | Noticed Natasha
  1880 | D:2      | Killed Natasha
  2488 | D:2      | Reached XP level 6. HP: 17/37 MP: 6/6
  2654 | D:3      | Noticed Grinder
  2772 | D:4      | Noticed Eustachio
  2863 | D:3      | Found a runed translucent door.
  2866 | D:3      | Noticed Crazy Yiuf
  2914 | D:3      | Noticed Ijyb
  2923 | D:3      | Killed Ijyb
  3046 | D:3      | Noticed Sigmund
  3366 | D:4      | Killed from afar by a white imp

Illustrated notes

Levels and vault maps discovered:
D:1:      shiori_arrival_maze, layout_basic
D:2:      layout_loops_cross, chequers_ecumenical_altar_simple, uniq_robin,
          uniq_natasha
D:3:      layout_basic, minmay_statues_item, hex_tiny, kennysheep_boxes,
          uniq_grinder, uniq_sigmund, uniq_ijyb, uniq_crazy_yiuf_cottage
D:4:      minmay_angry_zag, layout_basic, tgw_sif, grunt_temple_overflow_open,
          nicolae_overflow_two_pavilions, minmay_temple_entry_large_hall,
          uniq_eustachio

Skill      XL: |  1  2  3  4  5  6 |
---------------+-------------------+-----
Dodging        | 3 4 |  4.4
Fighting       | 2 3 |  3.3
Unarmed Combat | 4 |  4.2
Shapeshifting  | 4 |  4.0

Action                     |  1- 3 |  4- 6 || total
---------------------------+-------+-------++-------
  Melee: Unarmed           |    96 |   178 ||   274
         Punch             |       |     3 ||     3
    Use: Potion            |       |     3 ||     3
   Stab: Sleeping          |    20 |     8 ||    28
         Distracted        |       |     1 ||     1
 Armour: Animal skin       |    31 |    79 ||   110
         Skin              |       |    38 ||    38
  Dodge: Dodged            |    70 |   109 ||   179
         Form:             |       |     1 ||     1
         Beast             |       |     1 ||     1

Table legend: (Time is in decaauts)
 A = Elapsed time spent in this place.
 B = Non-inter-level travel time spent in this place.
 C = Inter-level travel time spent in this place.
 D = Time resting spent in this place.
 E = Time spent auto-exploring this place.
 F = Levels seen in this place.
 G = Mean time per level.
                   A        B        C        D        E       F      G
               +--------+--------+--------+--------+--------+-----+--------+
         Total |   3371 |   3274 |     97 |    191 |   2315 |   4 |  842.8 |
       Dungeon |   3371 |   3274 |     97 |    191 |   2315 |   4 |  842.8 |
               +--------+--------+--------+--------+--------+-----+--------+

Top non-repeatable levels by time:
     D:2: 1419 daAuts
     D:1: 1026 daAuts
     D:3: 663 daAuts
     D:4: 261 daAuts
